 Dungeon Crawl Stone Soup version 0.19.1 (webtiles) character file.

61 MirrMurr the Sneak (level 3, -5/16 HPs)
             Began as a Spriggan Enchanter on Dec 2, 2016.
             Slain by a gnoll
             ... wielding a +1 halberd of freezing
              (16 damage)
             ... on level 2 of the Dungeon.
             The game lasted 00:06:19 (1712 turns).

MirrMurr the Sneak (Spriggan Enchanter)             Turns: 1712, Time: 00:06:19

Health: -5/16      AC:  3    Str:  5    XL:     3   Next: 83%
Magic:  3/8        EV: 18    Int: 16    God:
Gold:   82         SH:  0    Dex: 16    Spells: 3 memorised, 1 level left

rFire  . . .     SeeInvis +     a - +1 dagger
rCold  . . .     Gourm    .     b - +1 robe
rNeg   . . .     Faith    .     (shield restricted)
rPois  .         Spirit   .     (helmet restricted)
rElec  .         Reflect  .     (no cloak)
rCorr  .         Harm     .     (gloves unavailable)
MR     .....                    (boots unavailable)
Stlth  ++++......               (no amulet)
                                (no ring)
                                (no ring)

@: very slightly contaminated, very quick
A: unfitting armour, see invisible, herbivore 3, speed 3, slow metabolism 2
a: no special abilities


You were on level 2 of the Dungeon.
You were not hungry.

You visited 1 branch of the dungeon, and saw 2 of its levels.

You collected 82 gold pieces.

Inventory:

Hand Weapons
 a - a +1 dagger (weapon)
Missiles
 i - 14 stones (quivered)
 k - 13 poisoned needles
Armour
 b - a +1 robe (worn)
Magical Staves
 j - an uncursed staff of summoning
Potions
 e - a potion of beneficial mutation {unknown}
 f - a potion of haste
 g - a potion of agility {unknown}
Books
 c - a book of Maledictions

   Spells                             Type                      Level
   a - Corona                         Hexes                        1
   b - Ensorcelled Hibernation        Hexes/Ice                    2
   c - Confuse                        Hexes                        3
   d - Tukima's Dance                 Hexes                        3
   e - Dazzling Spray                 Conjuration/Hexes            3
Comestibles
 d - 2 bread rations
 h - a royal jelly


   Skills:
 - Level 1.1 Short Blades
 - Level 3.0 Dodging
 + Level 7.4 Stealth
 + Level 2.6 Spellcasting
 - Level 3.6 Hexes


You had one spell level left.
You knew the following spells:

 Your Spells              Type           Power        Failure   Level  Hunger
a - Ensorcelled Hibernat  Hex/Ice        #.....       17%         2    ##.....
b - Confuse               Hex            ##......     14%         3    ###....
c - Corona                Hex            ##.....      6%          1    #......


Dungeon Overview and Level Annotations

Branches:
Dungeon (2/15)

Altars:


Innate Abilities, Weirdness & Mutations

You are very small and have problems with some larger weapons.
You are too small for most types of armour.
You have supernaturally acute eyesight. (SInv)
You are a herbivore.
You cover ground extremely quickly.
You need consume almost no food.


Message History

Casting: Ensorcelled Hibernation
Confirm with . or Enter, or press ? or * to list all spells.
Aiming: Ensorcelled Hibernation
Press: ? - help, Shift-Dir - straight line, f - gnoll
Aim: a gnoll, wielding a halberd of freezing (chance to defeat MR: 48%)
The gnoll resists with some effort.
Casting: Ensorcelled Hibernation
Confirm with . or Enter, or press ? or * to list all spells.
Aiming: Ensorcelled Hibernation
Press: ? - help, Shift-Dir - straight line, f/p - gnoll
Aim: a gnoll, wielding a halberd of freezing (chance to defeat MR: 48%)
You miscast Ensorcelled Hibernation.
You are very lightly contaminated with residual magic.
A chill runs through your body. The gnoll hits you but does no damage.
The gnoll hits you with a halberd of freezing.
The gnoll freezes you.
You closely miss the gnoll.
The gnoll hits you from afar with a halberd of freezing!
Ouch! That really hurt!
You die...

..# #. ..# #g ..#
#.#### ..# #....#
..# ####.# ..# #.#
.## #g# .## #.#
..### #@# ....#
#.# ..#.# #.#
.##.# #.#
.##.############.#
###......%.......#
################


You could see a gnoll.

Vanquished Creatures
  An adder (D:2)
  A gnoll (D:2)
  2 dart slugs
  2 leopard geckos (D:1)
  8 bats
  2 giant cockroaches (D:1)
  5 goblins
  A hobgoblin (D:2)
  3 jackals
  A ball python (D:1)
  3 kobolds (D:1)
  7 rats
36 creatures vanquished.

Notes
Turn   | Place    | Note
-------+----------+-------------------------------------------
     0 | D:1      | MirrMurr the Spriggan Enchanter began the quest for the Orb.
     0 | D:1      | Reached XP level 1. HP: 9/9 MP: 5/5
   163 | D:1      | Reached skill level 5 in Stealth
   205 | D:1      | Reached XP level 2. HP: 10/13 MP: 6/6
   209 | D:1      | Learned a level 2 spell: Ensorcelled Hibernation
   600 | D:1      | Reached skill level 6 in Stealth
  1010 | D:1      | Reached XP level 3. HP: 8/16 MP: 5/8
  1022 | D:1      | Learned a level 3 spell: Confuse
  1631 | D:2      | Found a faded altar of an unknown god.
  1637 | D:2      | Reached skill level 7 in Stealth
  1712 | D:2      | Slain by a gnoll

Skill      XL: |  1  2  3 |
---------------+----------+-----
Stealth        | 5 6 7 |  7.4
Short Blades   | |  1.1
Dodging        | |  3.0
Spellcasting   | |  2.6
Hexes          | |  3.6

Action                   || total
-------------------------++-------
Melee: Dagger            ||   133
 Cast: Ensorcelled Hiber ||     4
  Use: Scroll            ||     7
 Stab: Sleeping          ||    17
Armor: Robe              ||    22
Dodge: Dodged            ||   113
